 Dungeon Crawl Stone Soup version 0.25.1-2-g60ff931df9 (webtiles) character file.

Game seed: 3566598414669225248

25 DildoBatman the Magician (level 3, -3/24 HPs)
             Began as a Formicid Wizard on Aug 8, 2020.
             Slain by a gnoll
             ... wielding a +0 spear
              (10 damage)
             ... on level 2 of the Dungeon.
             The game lasted 00:04:25 (1845 turns).

DildoBatman the Magician (Formicid Wizard)          Turns: 1845, Time: 00:04:25

Health: -3/24      AC:  3    Str: 11    XL:     3   Next: 20%
Magic:  0/7        EV: 12    Int: 18    God:
Gold:   83         SH:  0    Dex:  9    Spells: 1/8 levels left

rFire    . . .     SeeInvis +   a - +0 short sword
rCold    . . .     Gourm    .   (no shield)
rNeg     . . .     Faith    .   k - +0 robe
rPois    .         Spirit   .   (helmet unavailable)
rElec    .         Reflect  .   l - +0 cloak
rCorr    .         Harm     .   (no gloves)
MR       .....                  (no boots)
Stlth    ++........             (no amulet)
HPRegen  0.08/turn              (no ring)
MPRegen  0.10/turn              (no ring)

@: no status effects
A: permanent stasis, dig shafts and tunnels, four strong arms, antennae 3
a: Dig, Shaft Self


You were on level 2 of the Dungeon.
You were not hungry.

You visited 1 branch of the dungeon, and saw 2 of its levels.

You collected 83 gold pieces.

Inventory:

Hand Weapons
 a - a +0 short sword (weapon)
 f - a +0 club
 g - a +0 hunting sling
Missiles
 b - 4 boomerangs (quivered)
 e - 21 arrows
 m - 2 stones
Armour
 k - a +0 robe (worn)
 l - a +0 cloak (worn)
Wands
 j - a wand of digging (5)
Scrolls
 c - a scroll of amnesia {unknown}
 d - 2 scrolls of identify {unknown}
 i - a scroll of remove curse {unknown}
Potions
 h - a potion of haste {unknown}
 n - a potion of resistance {unknown}
 o - a potion of flight {unknown}
Comestibles
 v - 3 rations


   Skills:
 - Level 1.7 Dodging
 - Level 2.4 Stealth
 - Level 3.2 Spellcasting
 * Level 2.6 Conjurations
   Level 1.0 Summonings
   Level 0.8 Translocations


You had one spell level left.
You knew the following spells:

 Your Spells              Type           Power        Failure   Level  Hunger
a - Conjure Flame         Conj/Fire      #.......     28%         3    ###....
c - Magic Dart            Conj           ##..         5%          1    None
e - Mephitic Cloud        Conj/Pois/Air  #.......     32%         3    ###....

Your spell library contained the following spells:

 Spells                   Type           Power        Failure   Level  Hunger
 Call Imp                 Summ           #.......     16%         2    ##.....
 Slow                     Hex            #.......     24%         2    ##.....
 Blink                    Tloc           Unusable     N/A         2    N/A

Dungeon Overview and Level Annotations

Branches:
Dungeon (2/15)

Altars:

Annotations:
D:1 exclusions: gnoll and rat


Innate Abilities, Weirdness & Mutations

You cannot be hasted, slowed, berserked, paralysed or teleported.
You can dig through walls and to a lower floor.
Your four strong arms can wield two-handed weapons with a shield.
You have a pair of large antennae on your head. (SInv)


Message History

Unknown command.
There is an escape hatch in the ceiling here.
Casting: Magic Dart (safe; 5% risk of failure)
Confirm with . or Enter, or press ? or * to list all spells.
Aiming: Magic Dart (safe; 5% risk of failure)
Press: ? - help, Shift-Dir - straight line, f/p - gnoll
Aim: a gnoll, wielding a +0 spear (severely wounded)
The magic dart hits the gnoll.
The gnoll is almost dead.
The gnoll hits you from afar with a +0 spear.
All of the chunks of flesh in your inventory have rotted away.
Casting: Magic Dart (safe; 5% risk of failure)
Confirm with . or Enter, or press ? or * to list all spells.
Aiming: Magic Dart (safe; 5% risk of failure)
Press: ? - help, Shift-Dir - straight line, f/p - gnoll
Aim: a gnoll, wielding a +0 spear (almost dead)
The magic dart hits the gnoll.
The gnoll is almost dead.
The gnoll hits you from afar with a +0 spear!
You die...

##{.....# #.#####.#
#..# .gg.....#
#.####### #..#
##......# #.......#
#..# ##......#
#######.# #..#
##......# #.# #..#
######### #.# #.<# #
#.# #.## #
###################.#
#.# #
#......g.@..........#
#.# ######
#.###################
#.## .....# #.# #...
.###.# #.# #### .#
#.# #<# # รท# #.###.#
######### g# #.....#
#........ .# #######
#.####### ##
#........


You could see a gnoll.

Vanquished Creatures
  An ooze (D:2)
  3 giant cockroaches
  3 goblins (D:1)
  2 hobgoblins (D:1)
  4 kobolds
  2 quokkas (D:2)
  A ball python (D:2)
  2 bats
  A rat (D:2)
19 creatures vanquished.

Notes
Turn   | Place    | Note
-------+----------+-------------------------------------------
     0 | D:1      | DildoBatman the Formicid Wizard began the quest for the
                  | Orb.
     0 | D:1      | Reached XP level 1. HP: 13/13 MP: 4/4
    54 | D:1      | Reached skill level 1 in Conjurations
   318 | D:1      | Reached XP level 2. HP: 19/19 MP: 1/6
  1541 | D:2      | Reached XP level 3. HP: 24/24 MP: 7/7
  1546 | D:2      | Learned a level 3 spell: Conjure Flame
  1550 | D:2      | Learned a level 3 spell: Mephitic Cloud
  1845 | D:2      | Slain by a gnoll

Illustrated notes

Levels and vault maps discovered:
D:1:      dpeg_arrival_tiny_k, layout_basic
D:2:      layout_basic

Skill      XL: |  1  2 |
---------------+-------+-----
Conjurations   | 1 2 |  2.6
Dodging        | |  1.7
Stealth        | |  2.4
Spellcasting   | |  3.2
Summonings     | |  1.0
Translocations | |  0.8

Action                   || total
-------------------------++-------
Melee: Club              ||     3
       Short sword       ||     5
Throw: Boomerang         ||    11
 Cast: Magic Dart        ||    60
  Eat: Chunk             ||     3
Armor: Robe              ||     6
Dodge: Dodged            ||    29
